 Dungeon Crawl Stone Soup version 0.31-a0-795-g5eb97db20b (webtiles) character file.

Game seed: 251492644436595021

113 javelincjr the Magician (level 4, -2/30 HPs)
             Began as a Demonspawn Hedge Wizard on Sept 18, 2023.
             Slain by a gnoll
             ... wielding a +0 whip
              (9 damage)
             ... on level 2 of the Dungeon.
             The game lasted 00:08:41 (2293 turns).

javelincjr the Magician (Demonspawn Hedge Wizard)   Turns: 2293, Time: 00:08:41

Health: -2/30      AC:  2    Str: 11    XL:     4   Next: 65%
Magic:  4/9        EV: 12    Int: 17    God:
Gold:   124        SH:  0    Dex: 12    Spells: 6/9 levels left

rFire   . . .        a - +0 dagger
rCold   . . .        (no shield)
rNeg    . . .        b - +0 robe
rPois   .            c - +0 hat
rElec   .            (no cloak)
rCorr   .            (no gloves)
SInv    .            (no boots)
Will    .....        (no amulet)
Stlth   ++           (no ring)
HPRegen 0.25/turn    (no ring)
MPRegen 0.11/turn

%: no passive effects
@: no status effects
A: sturdy frame 2, demonic touch 1
a: no special abilities


You were on level 2 of the Dungeon.
You visited 1 branch of the dungeon, and saw 2 of its levels.

You collected 124 gold pieces.

Inventory:

Hand Weapons
 a - a +0 dagger (weapon)
Armour
 b - a +0 robe (worn)
 c - a +0 hat (worn)
Jewellery
 e - an amulet of faith
Wands
 q - a wand of flame (21)
Scrolls
 i - a scroll of identify {unknown}
 k - a scroll of poison {unknown}
 l - a scroll of amnesia {unknown}
 m - a scroll of immolation {unknown}
 n - a scroll of brand weapon {unknown}
 p - a scroll of teleportation {unknown}
Potions
 d - a potion of magic
 f - a potion of might {unknown}
 g - 2 potions of cancellation {unknown}
 h - 2 potions of haste {unknown}
 j - a potion of degeneration {unknown}
 o - a potion of berserk rage {unknown}
 r - a potion of lignification {unknown}
 s - a potion of heal wounds {unknown}


   Skills:
 + Level 2.5 Dodging
 + Level 2.6 Stealth
 + Level 3.3 Spellcasting
 + Level 1.9 Conjurations
 + Level 1.9 Summonings
 + Level 1.6 Translocations


You had 6 spell levels left.
You knew the following spells:

 Your Spells              Type           Power      Damage    Failure   Level
a - Magic Dart            Conj           36%        1d4       8%          1
b - Call Imp              Summ           18%        N/A       12%         2

Your spell library contained the following spells:

 Spells                   Type           Power      Damage    Failure   Level
 Blink                    Tloc           16%        N/A       13%         2
 Freeze                   Ice            8%         1d3       17%         1
 Slow                     Hex            8%         N/A       17%         1
 Cigotuvi's Dreadful Rot  Necr/Pois/Air  4%         N/A       26%         2
 Hailstorm                Conj/Ice       6%         3d4       34%         3
 Mephitic Cloud           Conj/Pois/Air  5%         N/A       36%         3
 Confusing Touch          Hex            2%         N/A       45%         3
 Frozen Ramparts          Ice            4%         1d1       45%         3
 Sigil of Binding         Hex            2%         N/A       45%         3
 Vampiric Draining        Necr           2%         2d6       45%         3


Dungeon Overview and Level Annotations

Branches:
Dungeon (2/15)

Altars:


Innate Abilities, Weirdness & Mutations

Your movements are less encumbered by armour. (ER -4)
Your touch may inflict minor irresistible damage on your foes.


Message History

Your cerulean imp hits the gnoll but does no damage.
The gnoll closely misses your cerulean imp.
Your cerulean imp hits the gnoll with a -4 spear.
The gnoll hits your cerulean imp with a +0 halberd.
Your cerulean imp hits the gnoll but does no damage.
The gnoll hits your cerulean imp with a +0 halberd!
Your cerulean imp dies!
Your cerulean imp disappears in a puff of smoke!
Casting: Call Imp (safe; 12% risk of failure)
Confirm with . or Enter, or press ? or * to list all spells.
A tiny devil pulls itself out of the air.
Your cerulean imp hits the gnoll but does no damage.
Your cerulean imp barely misses the gnoll.
The gnoll hits your cerulean imp with a +0 halberd.
Your cerulean imp hits the gnoll with a -4 spear.
Something barely misses your cerulean imp.
The gnoll throws a throwing net.
The throwing net barely misses your cerulean imp.
The throwing net hits you.
You become entangled in the net!
You struggle against the net.
Something misses your cerulean imp.
You struggle against the net.
Something hits your cerulean imp but does no damage.
The gnoll barely misses your cerulean imp.
You struggle against the net.
Something barely misses your cerulean imp.
The gnoll closely misses your cerulean imp.
You struggle against the net.
Something hits your cerulean imp!
Your cerulean imp dies!
Your cerulean imp disappears in a puff of smoke!
You rip the net and break free!
The gnoll hits you with a +0 whip.
Casting: Call Imp (safe; 12% risk of failure)
Confirm with . or Enter, or press ? or * to list all spells.
A tiny devil pulls itself out of the air.
Your cerulean imp says, "You called?"
The gnoll shouts!
The gnoll hits you from afar with a +0 halberd!
Ouch! That really hurt!
* * * LOW HITPOINT WARNING * * *
The gnoll hits you with a +0 whip!
You die...

.###§###
#.#..........#########
.###.#
#g#.####'#............
...#.# #.#.#
#.#..########## ##.5g#
#.#.# #.#..# . .....#
#.#.# #%#..# ## ....g#
###.#.####.#..#
.....#####.............#
.........+....g####..#.#
......####.<...g@.5.<..#
....#.§(################
#######gg.# #..
###g###.#### ###
#..##.#..# ... #
##.##.#..#####.#####.#
####'##.#.... ........#
#.......##.#####$.......
#........gg.............


You could see 2 gnolls and a friendly cerulean imp (summoned).

Vanquished Creatures
  Jessica (D:2)
  3 dart slugs (D:1)
  4 ball pythons (D:1)
  4 endoplasms (D:1)
  A giant cockroach (D:1)
  2 goblins (D:1)
  4 hobgoblins
  3 jackals
  3 quokkas
  4 bats
  2 frilled lizards
  3 kobolds
  3 rats
37 creatures vanquished.

Vanquished Creatures (collateral kills)
  2 gnolls (D:2)
  2 adders (D:2)
  A jackal (D:1)
  A quokka (D:1)
6 creatures vanquished.

Grand Total: 43 creatures vanquished

Notes
Turn   | Place    | Note
-------+----------+-------------------------------------------
     0 | D:1      | javelincjr the Demonspawn Hedge Wizard began the quest for
                  | the Orb.
     0 | D:1      | Reached XP level 1. HP: 13/13 MP: 4/4
   184 | D:1      | Reached skill level 1 in Translocations
   401 | D:1      | Gained mutation: Your movements are slightly less
                  | encumbered by armour. (ER -2) [demonic ancestry]
   401 | D:1      | Reached XP level 2. HP: 19/19 MP: 0/6
  1209 | D:1      | Gained mutation: Your movements are less encumbered by
                  | armour. (ER -4) [demonic ancestry]
  1209 | D:1      | Reached XP level 3. HP: 24/24 MP: 4/7
  1282 | D:1      | Learned a level 2 spell: Call Imp
  1804 | D:2      | Noticed Jessica
  1810 | D:2      | Killed Jessica
  1902 | D:2      | Gained mutation: Your touch may inflict minor irresistible
                  | damage on your foes. [demonic ancestry]
  1902 | D:2      | Reached XP level 4. HP: 30/30 MP: 2/8
  2293 | D:2      | Slain by a gnoll

Illustrated notes

Levels and vault maps discovered:
D:1:      tarquinn_simple_flora_water_a, layout_basic, minmay_tiny_reverse_x
D:2:      layout_basic, uniq_jessica

Skill      XL: |  1  2 |
---------------+-------+-----
Translocations | 1 |  1.6
Stealth        | 2 |  2.6
Dodging        | 2 |  2.5
Spellcasting   | |  3.3
Conjurations   | |  1.9
Summonings     | |  1.9

Action                     |  1- 3 |  4- 6 || total
---------------------------+-------+-------++-------
  Melee: Dagger            |    56 |    18 ||    74
         Touch             |       |     3 ||     3
   Cast: Magic Dart        |    90 |     5 ||    95
         Call Imp          |     2 |    10 ||    12
 Armour: Robe              |    22 |    16 ||    38
  Dodge: Dodged            |    38 |    15 ||    53

Table legend: (Time is in decaauts)
 A = Elapsed time spent in this place.
 B = Non-inter-level travel time spent in this place.
 C = Inter-level travel time spent in this place.
 D = Time resting spent in this place.
 E = Time spent auto-exploring this place.
 F = Levels seen in this place.
 G = Mean time per level.
                   A        B        C        D        E       F      G
               +--------+--------+--------+--------+--------+-----+--------+
         Total |   2292 |   2257 |     35 |      0 |   1830 |   2 | 1146.0 |
       Dungeon |   2292 |   2257 |     35 |      0 |   1830 |   2 | 1146.0 |
               +--------+--------+--------+--------+--------+-----+--------+

Top non-repeatable levels by time:
     D:1: 1509 daAuts
     D:2: 783 daAuts
